cohdb
Replays
Latest Replays
All Replays
Popular Replays
Top Player Replays
Match Explorer
How It Works
Community
CoH3 Stats
Reddit
Sign in to upload your games and track your stats! →
Sign in with Steam
Match 39489604
Unlisted
Match 39489604
Overview
Messages
Build Orders
End
Construct Section Command Post
Vickers Machine Gun Team
Selects Canadian Shock Battlegroup
Infantry Section
Infantry Section
Infantry Section
Construct Platoon Command Post
Selects Attacking Spirit
Humber Armored Car
CMP 15cwt Truck
Selects Canadian Shock Section
Canadian Shock Section
Selects Burnout
Selects Pyrotechnics
6-pounder Anti-tank Gun Team
Construct Company Command Post
Matilda II Heavy Tank
Selects Point Assault
Canadian Shock Section
Grenade Package
Construct Field Infirmary
Royal Engineer Section
Selects Demolition Engineering
Demolition Engineering
badger2
ringring
Ghost
lap
Kanade
罐头鸟巢
Valkyrie_Tone
114514
0
0
Comments
sign in to comment!
No comments posted yet!